 Dungeon Crawl Stone Soup version 0.31-a0-229-g1fc7ce93e2 (webtiles) character file.

Game seed: 5404098418185273789

2018 qw the Cleaver (level 9, -2/56 HPs)
             Began as a Gargoyle Fighter on July 6, 2023.
             Was a Follower of Okawaru.
             Slain by a lemure (5 damage)
             ... led by Pikel
             ... on level 6 of the Dungeon.
             The game lasted 00:03:18 (5445 turns).

qw the Cleaver (Gargoyle Fighter)                   Turns: 5445, Time: 00:03:18

Health: -2/56      AC: 19    Str: 31    XL:     9   Next: 23%
Magic:  12/12      EV:  9    Int:  8    God:    Okawaru [*.....]
Gold:   459        SH:  0    Dex:  9    Spells: 8/8 levels left

rFire   x x .        Y - +3 war axe
rCold   + . .        c - +0 buckler
rNeg    + . .        k - +0 chain mail
rPois   inf          i - +0 helmet
rElec   +            (no cloak)
rCorr   +            j - +0 pair of gloves
SInv    .            r - +0 pair of boots
Will    .....        (no amulet) Stlth
                     b - ring "Gippufol" {rPois rF- Will- rCorr Str+6}
HPRegen 0.29/turn    l - ring of ice
MPRegen 0.13/turn

%: no passive effects
@: confused
A: sickness immunity, AC +6, negative energy resistance 1, electricity
resistance, torment resistance 1, petrification resistance
a: Renounce Religion, Heroism


You were on level 6 of the Dungeon.
You worshipped Okawaru.
Okawaru was aware of your devotion.
You visited 2 branches of the dungeon, and saw 7 of its levels.

You collected 599 gold pieces.
You spent 140 gold pieces at shops.


Innate Abilities, Weirdness & Mutations

You are immune to sickness and miasma.
Your stone body is resilient. (AC +6)
You are immune to poison.
You resist negative energy. (rN+)
You are resistant to electric shocks. (rElec)
You are resistant to unholy torment.
You are immune to petrification.


   Skills:
 - Level 6.4 Fighting
 + Level 8.6 Axes
 - Level 2.0 Throwing
 - Level 4.0 Armour
 - Level 1.0 Dodging
 - Level 3.2 Shields
 - Level 4.0 Invocations


You had 8 spell levels left.
You didn't know any spells.
Your spell library was empty.

Inventory:

Hand Weapons
 o - a +0 flail
 Y - a +3 war axe (weapon)
Armour
 c - a +0 buckler (worn)
 i - a +0 helmet (worn)
 j - a +0 pair of gloves (worn)
 k - a +0 chain mail (worn)
 r - a +0 pair of boots (worn)
Jewellery
 b - the ring "Gippufol" (left hand) {rPois rF- Will- rCorr Str+6}
   (You acquired it on level 3 of the Dungeon)

   [ring of strength]

   Str:       It affects your strength (+6).
   rF:        It makes you vulnerable to fire.
   rPois:     It protects you from poison.
   rCorr:     It protects you from acid and corrosion.
   Will:      It decreases your willpower.
 l - a ring of ice (right hand)
Scrolls
 a - 8 scrolls of identify
 f - a scroll of torment {unknown}
Potions
 d - 2 potions of might
 e - 2 potions of attraction
 g - a potion of magic
 h - a potion of lignification
 m - a potion of mutation {unknown}
 n - a potion of brilliance {unknown}
 p - a potion of invisibility {unknown}

Dungeon Overview and Level Annotations

Branches:
Dungeon (6/15)             Temple (1/1) D:4

Altars:
Cheibriados
Fedhas
Gozag
Hepliaklqana
Kikubaaqudgha
Makhleb
Nemelex Xobeh
Okawaru
Qazlal
Ru
Sif Muna
Trog
Uskayaw
Vehumet
Wu Jian
Xom
Yredelemnul
Zin
The Shining One

Shops:
D:1 [   D:5 *   D:6 ?

Annotations:
D:1 exclusion: 2 kobolds
D:6 3 runed translucent doors, Pikel; qw's ghost, amateur MiHs


Message History

Pikel is almost dead.
You slash the lemure!
Pikel zaps a wand.
Your will is overpowered!
You are confused.
The lemure hits you but does no damage.
Pikel hits you with a +0 whip of flaming.
Pikel burns you. The lemure hits you but does no damage.
Pikel hits you but does no damage. The lemure hits you.
Pikel zaps a wand.
Your will is overpowered!
You are more confused.
The lemure hits you. Pikel hits you but does no damage.
The lemure hits you but does no damage.
Pikel hits you with a +0 whip of flaming.
Pikel burns you. The lemure barely misses you. Pikel closely misses you.
The lemure hits you but does no damage.
Pikel hits you with a +0 whip of flaming.
Pikel burns you. The lemure barely misses you.
Pikel hits you but does no damage. The lemure hits you but does no damage.
Pikel hits you with a +0 whip of flaming.
Pikel burns you. The lemure barely misses you.
Pikel zaps a wand.
Your will is overpowered!
You are more confused.
The lemure barely misses you.
Pikel hits you with a +0 whip of flaming!
Pikel burns you. The lemure closely misses you.
Pikel hits you with a +0 whip of flaming.
Pikel burns you. The lemure closely misses you.
Pikel zaps a wand.
Your will is overpowered!
You are more confused.
The lemure hits you but does no damage.
Pikel zaps a wand.
Your will is overpowered!
You are more confused.
The lemure completely misses you. Pikel hits you but does no damage.
The lemure hits you but does no damage.
You feel like a meek peon again.
Pikel zaps a wand.
Your will is overpowered!
You are more confused.
The lemure hits you. Pikel barely misses you. The lemure hits you.
You die...

##..#...##..
#..####.....
###.##
#..)##
##..##
##...#
##..##
##.##.#
#..##
##.#####
##.## ##:##
###.## ##.##
#K@## ##.##
......5##
##.##
......# #..#
....## #..##
### ##..##
##..##
##..## ####
##..# ....#
##.#


You could see Pikel and a lemure.

Vanquished Creatures
  Prince Ribbit (D:6)
  Sigmund (D:6)
  Eustachio (D:4)
  A water moccasin (D:5)
  Duvessa (D:6)
  An orc warrior (D:6)
  2 black bears (D:6)
  3 lemures (D:6)
  A phantom (D:6)
  Dowan (D:6)
  A howler monkey (D:6)
  A jelly (D:5)
  2 orc priests
  3 hounds
  4 iguanas
  Natasha (thrice) (D:4)
  10 orc wizards
  A sleepcap (D:6)
  12 adders
  An ufetubus (D:4)
  2 worms
  A dart slug (D:1)
  30 orcs
  7 bats
  4 endoplasms
  4 giant cockroaches
  6 goblins
  14 hobgoblins
  3 jackals (D:1)
  6 kobolds
  A quokka (D:3)
  12 ball pythons
  3 frilled lizards (D:1)
  10 rats
154 creatures vanquished.

Notes
Turn   | Place    | Note
-------+----------+-------------------------------------------
     0 | D:1      | qw the Gargoyle Fighter began the quest for the Orb.
     0 | D:1      | Reached XP level 1. HP: 14/14 MP: 1/1
     0 | D:1      | 0 ||| qw: Version: 0.3-a-46-gb1f654a
     0 | D:1      | 0 ||| qw: Game counter: 1099
     0 | D:1      | 0 ||| qw: Melee chars always use a shield: true
     0 | D:1      | 0 ||| qw: God list: Okawaru
     0 | D:1      | 0 ||| qw: Allow faded altars: false
     0 | D:1      | 0 ||| qw: Do Orc after clearing Dungeon:15 true
     0 | D:1      | 0 ||| qw: Do second Lair branch before Depths: true
     0 | D:1      | 0 ||| qw: Lair rune preference: random
     0 | D:1      | 0 ||| qw: Goals: Normal, Zot:1-4, Slime:5, God:TSO, Crypt,
                  | Tomb, Abyss, Pan, Hells, Win
     0 | D:1      | 0 ||| PLANNING D:1-11
    28 | D:1      | 28 ||| Stepping ~*~*~tactically~*~*~ (stealth).
    30 | D:1      | 30 ||| Stepping ~*~*~tactically~*~*~ (stealth).
    32 | D:1      | 32 ||| Stepping ~*~*~tactically~*~*~ (stealth).
    53 | D:1      | Reached skill level 2 in Axes
    55 | D:1      | 55 ||| Stepping ~*~*~tactically~*~*~ (hiding).
    71 | D:1      | Reached XP level 2. HP: 16/19 MP: 2/2
    98 | D:1      | Found Weleschi's Antique Armour Shop.
   107 | D:1      | 107 ||| SHOPLISTING dyed leather armour (145 gold, have 9).
   107 | D:1      | 107 ||| SHOPLISTING embroidered scarf (232 gold, have 9).
   107 | D:1      | 107 ||| SHOPLISTING runed helmet (217 gold, have 9).
   107 | D:1      | 107 ||| SHOPLISTING runed ring mail (203 gold, have 9).
   107 | D:1      | 107 ||| SHOPLISTING runed scale mail (203 gold, have 9).
   107 | D:1      | 107 ||| SHOPLISTING tiger eye-studded leather armour (203
                  | gold, have 9).
   197 | D:1      | 197 ||| FLEEEEING.
   198 | D:1      | 198 ||| FLEEEEING.
   199 | D:1      | 199 ||| FLEEEEING.
   200 | D:1      | 200 ||| FLEEEEING.
   201 | D:1      | 201 ||| FLEEEEING.
   262 | D:1      | Reached skill level 3 in Axes
   264 | D:1      | Reached XP level 3. HP: 22/23 MP: 3/3
   270 | D:1      | 270 ||| Stepping ~*~*~tactically~*~*~ (stealth).
   383 | D:1      | 383 ||| Stepping ~*~*~tactically~*~*~ (stealth).
   587 | D:1      | 587 ||| READING scroll labelled BONIAS DAPE.
   588 | D:1      | 588 ||| DRINKING 2 lumpy green potions.
   801 | D:2      | 801 ||| Stepping ~*~*~tactically~*~*~ (stealth).
  1012 | D:2      | Reached skill level 4 in Axes
  1012 | D:2      | Reached XP level 4. HP: 28/28 MP: 4/4
  1158 | D:2      | Identified the +0 leather armour of Lilacs {rF+ rN+ Slay+3}
  1380 | D:2      | 1380 ||| UPGRADING to +0 helmet.
  1385 | D:2      | 1385 ||| UPGRADING to +0 pair of gloves.
  1390 | D:2      | 1390 ||| UPGRADING to +0 chain mail.
  1400 | D:2      | 1400 ||| DROPPING +0 scale mail.
  1401 | D:2      | 1401 ||| READING 4 scrolls labelled OCHOFAETOTO.
  1402 | D:2      | 1402 ||| READING scroll labelled FUNIFF QUNUEL.
  1407 | D:2      | 1407 ||| READING 3 scrolls of identify.
  1407 | D:2      | 1407 ||| IDENTIFYING glowing coppery potion
  1408 | D:2      | 1408 ||| READING 2 scrolls of identify.
  1408 | D:2      | 1408 ||| IDENTIFYING bubbling golden potion
  1409 | D:2      | 1409 ||| DROPPING potion of degeneration.
  1431 | D:3      | 1431 ||| Stepping ~*~*~tactically~*~*~ (stealth).
  1510 | D:3      | 1510 ||| FLEEEEING.
  1511 | D:3      | 1511 ||| FLEEEEING.
  1512 | D:3      | 1512 ||| FLEEEEING.
  1541 | D:3      | Reached XP level 5. HP: 19/32 MP: 5/5
  1620 | D:3      | 1620 ||| DROPPING +0 club.
  1621 | D:3      | 1621 ||| DROPPING +0 mace.
  1631 | D:3      | 1631 ||| READING scroll of enchant weapon.
  1631 | D:3      | 1631 ||| ENCHANTING +1 war axe.
  1693 | D:3      | 1693 ||| Stepping ~*~*~tactically~*~*~ (stealth).
  1694 | D:3      | 1694 ||| Stepping ~*~*~tactically~*~*~ (stealth).
  1797 | D:3      | 1797 ||| FLEEEEING.
  1798 | D:3      | 1798 ||| FLEEEEING.
  1799 | D:3      | 1799 ||| FLEEEEING.
  1832 | D:3      | Reached skill level 5 in Axes
  1832 | D:3      | 1832 ||| FLEEEEING.
  1833 | D:3      | 1833 ||| FLEEEEING.
  1906 | D:3      | 1906 ||| Stepping ~*~*~tactically~*~*~ (stealth).
  2366 | D:3      | 2366 ||| READING scroll labelled KEAPNA QOGRE.
  2367 | D:3      | 2367 ||| READING scroll labelled MYSORGHIEHU.
  2367 | D:3      | Identified a scroll of acquirement
  2367 | D:3      | 2367 ||| ACQUIRING ring "Gippufol" {rPois rF- Will- rCorr
                  | Str+6}
  2367 | D:3      | Acquired the ring "Gippufol" {rPois rF- Will- rCorr Str+6}
  2369 | D:3      | 2369 ||| UPGRADING to ring "Gippufol" {rPois rF- Will-
                  | rCorr Str+6}.
  2370 | D:3      | 2370 ||| READING scroll labelled WAEJAK ODAY.
  2371 | D:3      | 2371 ||| READING scroll labelled VULARR ZAUM.
  2372 | D:3      | 2372 ||| READING scroll labelled LITY PECLEUPP.
  2373 | D:3      | 2373 ||| DRINKING 2 dark potions.
  2374 | D:3      | 2374 ||| DRINKING 2 sapphire potions.
  2431 | D:4      | 2431 ||| Stepping ~*~*~tactically~*~*~ (stealth).
  2439 | D:4      | 2439 ||| Stepping ~*~*~tactically~*~*~ (hiding).
  2443 | D:4      | 2443 ||| DRINKING potion of curing.
  2443 | D:4      | 2443 ||| (to cure confusion)
  2453 | D:4      | Reached XP level 6. HP: 38/38 MP: 6/6
  2455 | D:4      | Identified the +1 robe of Pits {rC+ Dex+3}
  2595 | D:4      | Found a staircase to the Ecumenical Temple.
  2596 | D:4      | 2596 ||| PLANNING TEMPLE
  2597 | D:4      | Noticed Natasha
  2612 | D:4      | Killed Natasha
  2661 | Temple   | Entered the Ecumenical Temple
  2662 | Temple   | 2662 ||| PLANNING OKAWARU WORSHIP
  2720 | Temple   | Became a worshipper of Warmaster Okawaru
  2721 | Temple   | 2721 ||| PLANNING D:1-11
  2828 | D:4      | 2828 ||| READING scroll of enchant weapon.
  2828 | D:4      | 2828 ||| ENCHANTING +2 war axe.
  3105 | D:4      | Noticed Eustachio
  3120 | D:4      | HP: 4/38 [iron imp[Eustachio] (7)]
  3121 | D:4      | 3121 ||| READING scroll of teleportation.
  3122 | D:4      | 3122 ||| DRINKING potion of heal wounds.
  3184 | D:4      | Noticed Natasha
  3194 | D:4      | Killed Natasha
  3226 | D:4      | Noticed Natasha
  3227 | D:4      | 3227 ||| Stepping ~*~*~tactically~*~*~ (stealth).
  3232 | D:4      | Killed Natasha
  3409 | D:4      | 3409 ||| Stepping ~*~*~tactically~*~*~ (stealth).
  3426 | D:4      | 3426 ||| FLEEEEING.
  3428 | D:4      | 3428 ||| Stepping ~*~*~tactically~*~*~ (stealth).
  3430 | D:4      | 3430 ||| Stepping ~*~*~tactically~*~*~ (stealth).
  3452 | D:4      | HP: 4/38 [Eustachio/+0 rapier (7)]
  3454 | D:4      | Killed Eustachio
  3454 | D:4      | Reached * piety under Okawaru
  3455 | D:4      | Reached skill level 6 in Axes
  3455 | D:4      | Reached XP level 7. HP: 5/43 MP: 7/7
  3783 | D:4      | Found an ancient bone altar of Kikubaaqudgha.
  3789 | D:4      | Found a shimmering blue altar of Sif Muna.
  3792 | D:4      | 3792 ||| INVOKING Heroism.
  3795 | D:4      | Reached skill level 1 in Invocations
  3849 | D:4      | Found a radiant altar of Vehumet.
  3854 | D:4      | Reached skill level 1 in Dodging
  3863 | D:4      | 3863 ||| READING scroll labelled TOHUCO VEZOE.
  3887 | D:5      | Entered Level 5 of the Dungeon
  3889 | D:5      | 3889 ||| Stepping ~*~*~tactically~*~*~ (hiding).
  3890 | D:5      | 3890 ||| Stepping ~*~*~tactically~*~*~ (hiding).
  3892 | D:5      | 3892 ||| Stepping ~*~*~tactically~*~*~ (hiding).
  3948 | D:5      | Found Giej's Overcharged Wands.
  3951 | D:5      | 3951 ||| Stepping ~*~*~tactically~*~*~ (stealth).
  3952 | D:5      | 3952 ||| Stepping ~*~*~tactically~*~*~ (stealth).
  3965 | D:5      | Reached skill level 7 in Axes
  4080 | D:5      | 4080 ||| INVOKING Heroism.
  4084 | D:5      | Reached skill level 3 in Invocations
  4180 | D:5      | 4180 ||| DRINKING 2 potions of curing.
  4180 | D:5      | 4180 ||| (to cure confusion)
  4186 | D:5      | 4186 ||| DRINKING potion of curing.
  4186 | D:5      | 4186 ||| (to cure confusion)
  4200 | D:5      | Reached XP level 8. HP: 48/48 MP: 10/10
  4239 | D:5      | 4239 ||| Stepping ~*~*~tactically~*~*~ (hiding).
  4258 | D:5      | 4258 ||| INVOKING Heroism.
  4302 | D:5      | 4302 ||| INVOKING Heroism.
  4582 | D:5      | Found a stormy altar of Qazlal.
  4582 | D:5      | Found a hide-covered altar of Uskayaw.
  4609 | D:5      | 4609 ||| UPGRADING to +0 pair of boots.
  4614 | D:5      | 4614 ||| UPGRADING to ring of ice.
  4615 | D:5      | 4615 ||| DROPPING ring of magical power.
  4616 | D:5      | 4616 ||| READING scroll labelled OTUOJAA DEGAT.
  4617 | D:5      | 4617 ||| READING 2 scrolls labelled CIOKAI MODOSIUFU.
  4718 | D:5      | 4718 ||| READING 2 scrolls of identify.
  4718 | D:5      | 4718 ||| IDENTIFYING blue potion
  4719 | D:5      | 4719 ||| DROPPING scroll of silence.
  4740 | D:6      | 4740 ||| INVOKING Heroism.
  4789 | D:6      | 4789 ||| INVOKING Heroism.
  4933 | D:6      | Noticed Prince Ribbit
  4934 | D:6      | 4934 ||| INVOKING Heroism.
  4950 | D:6      | Killed Prince Ribbit
  4951 | D:6      | Reached skill level 8 in Axes
  5005 | D:6      | Found Goppon's Magic Scroll Emporium.
  5011 | D:6      | 5011 ||| BUYING 3 scrolls of identify (60 gold).
  5011 | D:6      | Bought 3 scrolls of identify for 60 gold pieces
  5011 | D:6      | 5011 ||| BUYING scroll of identify (20 gold).
  5011 | D:6      | Bought a scroll of identify for 20 gold pieces
  5011 | D:6      | 5011 ||| BUYING scroll of identify (20 gold).
  5011 | D:6      | Bought a scroll of identify for 20 gold pieces
  5011 | D:6      | 5011 ||| BUYING scroll of identify (20 gold).
  5011 | D:6      | Bought a scroll of identify for 20 gold pieces
  5011 | D:6      | 5011 ||| BUYING scroll of identify (20 gold).
  5011 | D:6      | Bought a scroll of identify for 20 gold pieces
  5026 | D:6      | Found a runed translucent gate.
  5026 | D:6      | Found a runed translucent gate.
  5027 | D:6      | Found a runed translucent gate.
  5028 | D:6      | Noticed qw's ghost (amateur MiHs)
  5087 | D:6      | Noticed Dowan
  5088 | D:6      | 5088 ||| Stepping ~*~*~tactically~*~*~ (hiding).
  5090 | D:6      | 5090 ||| INVOKING Heroism.
  5094 | D:6      | Killed Dowan
  5097 | D:6      | Noticed Duvessa
  5098 | D:6      | 5098 ||| Stepping ~*~*~tactically~*~*~ (stealth).
  5100 | D:6      | 5100 ||| Stepping ~*~*~tactically~*~*~ (stealth).
  5101 | D:6      | 5101 ||| Stepping ~*~*~tactically~*~*~ (stealth).
  5111 | D:6      | Killed Duvessa
  5112 | D:6      | Reached XP level 9. HP: 53/55 MP: 12/12
  5153 | D:6      | 5153 ||| INVOKING Heroism.
  5162 | D:6      | Reached skill level 6 in Fighting
  5263 | D:6      | Noticed Sigmund
  5280 | D:6      | Killed Sigmund
  5299 | D:6      | 5299 ||| Stepping ~*~*~tactically~*~*~ (stealth).
  5301 | D:6      | 5301 ||| Stepping ~*~*~tactically~*~*~ (stealth).
  5412 | D:6      | Noticed Pikel
  5413 | D:6      | 5413 ||| INVOKING Heroism.
  5439 | D:6      | HP: 11/56 [Pikel/+0 whip of flaming (8)]
  5440 | D:6      | HP: 5/56 [Pikel/+0 whip of flaming (3)]
  5445 | D:6      | Slain by a lemure

Levels and vault maps discovered:
D:1:      dpeg_arrival_brainrot, layout_rooms, serial_shops, shop,
          chequers_serial_rivers_small_a
D:2:      layout_basic
D:3:      layout_loops_corners
D:4:      minmay_polygon_palace, layout_loops_corners,
          palyth_temple_overflow_mages, minmay_temple_entry_sparse_star,
          uniq_natasha, uniq_eustachio
D:5:      cheibrodos_quashed, layout_cave_pools, gammafunk_temple_overflow_wave,
          roderic_lattice_a, nicolae_shop_overcharged_wands
D:6:      layout_layer_cave, serial_shops, shop, gammafunk_ghost_nasty_kobolds,
          hangedman_abyss_or_decor_lesser_grid, uniq_pikel, uniq_duvessa,
          uniq_prince_ribbit1, uniq_grinder, uniq_sigmund
Temple:   eino_temple_lava

Skill      XL: |  1  2  3  4  5  6  7  8  9 |
---------------+----------------------------+-----
Axes           | 2 3 4 5 6 7 8 |  8.6
Fighting       | 4 5 6 |  6.4
Invocations    | 3 4 |  4.0
Dodging        | 1 |  1.0
Armour         | 4 |  4.0
Throwing       | 2 |  2.0
Shields        | |  3.2

Action                     |  1- 3 |  4- 6 |  7- 9 || total
---------------------------+-------+-------+-------++-------
  Melee: War axe           |    93 |   177 |   174 ||   444
  Throw: Boomerang         |       |    33 |     4 ||    37
 Invoke: Heroism           |       |       |    10 ||    10
    Use: Scroll            |     1 |    12 |     4 ||    17
         Potion            |     1 |     4 |     2 ||     7
 Armour: Scale mail        |    64 |     6 |       ||    70
         Chain mail        |       |   154 |   119 ||   273
         Skin              |       |     4 |       ||     4
  Dodge: Dodged            |    35 |    74 |    86 ||   195
  Block: Buckler           |    15 |    47 |    28 ||    90

Table legend:
 A = Non-vault XP
 B = Vault XP
 C = Vault XP percentage of total XP
 D = Non-vault monster count
 E = Vault monster count
 F = Vault count percentage of total count
                 A         B        C        D         E       F
            +---------+---------+-------+---------+---------+-------
      Total |    1786 |    1097 |  38.1 |     127 |      24 |  15.9
            +---------+---------+-------+---------+---------+-------
        D:1 |      53 |       0 |   0.0 |      32 |       0 |   0.0
        D:2 |      75 |       0 |   0.0 |       7 |       0 |   0.0
        D:3 |     156 |       0 |   0.0 |      29 |       0 |   0.0
        D:4 |     175 |     397 |  69.4 |      19 |      20 |  51.3
        D:5 |     602 |       0 |   0.0 |      28 |       0 |   0.0
        D:6 |     725 |     700 |  49.1 |      12 |       4 |  25.0
            +---------+---------+-------+---------+---------+-------
